 Seeded DCSS version 0.30-a0-159-g068b764562 (webtiles) character file.

Game seed: 3121381558354691732 (custom seed)

16 valliere the Shooter (level 2, 15/15 HPs)
             Began as a Spriggan Hunter on Sept 27, 2022.
             Quit the game on level 1 of the Dungeon.
             The game lasted 00:01:28 (551 turns).

valliere the Shooter (Spriggan Hunter)               Turns: 551, Time: 00:01:28

Health: 15/15      AC:  2    Str: 13    XL:     2   Next: 37%
Magic:  3/3        EV: 18    Int: 10    God:
Gold:   80         SH:  0    Dex: 20    Spells: 1/1 levels left

rFire   . . .      SeeInvis +    a - +0 shortbow
rCold   + . .      Faith    .    (shield currently unavailable)
rNeg    . . .      Spirit   .    c - +0 robe
rPois   .          Reflect  .    (helmet restricted)
rElec   .          Harm     .    (no cloak)
rCorr   .          Rampage  .    (gloves unavailable)
Will    .....                    (boots unavailable)
Stlth   ++........               h - amulet "Wiat" {Regen+ Slay+2}
HPRegen 0.85/turn                i - ring of Namp {rC+ Dex+2}
MPRegen 0.08/turn                f - +6 ring of strength

@: very quick
A: very small, no large weapons, unfitting armour, see invisible, speed 3
a: no special abilities


You were on level 1 of the Dungeon.
You visited 1 branch of the dungeon, and saw 1 of its levels.

You collected 80 gold pieces.

Inventory:

Hand Weapons
 a - a +0 shortbow (weapon)
Missiles
 g - 2 throwing nets
Armour
 c - a +0 robe (worn)
Jewellery
 f - a +6 ring of strength (right hand)
 h - the amulet "Wiat" (around neck) {Regen+ Slay+2}
   (You acquired it on level 1 of the Dungeon)

   [amulet of regeneration]

   Slay:      It affects your accuracy & damage with ranged weapons and melee
   (+2).
   Regen:     It increases your rate of health regeneration.
 i - the ring of Namp (left hand) {rC+ Dex+2}
   (You acquired it on level 1 of the Dungeon)

   [ring of protection from cold]

   Dex:       It affects your dexterity (+2).
   rC:        It protects you from cold.
Scrolls
 b - a scroll of immolation
 d - 2 scrolls of identify {unknown}
 e - a scroll of acquirement
 j - a scroll of magic mapping {unknown}
 k - a scroll of enchant weapon {unknown}
 m - 3 scrolls of amnesia {unknown}
Potions
 l - a potion of magic {unknown}


   Skills:
 + Level 1.8 Fighting
 + Level 4.1 Ranged Weapons
 + Level 3.1 Dodging
 + Level 2.3 Stealth


You had one spell level left.
You didn't know any spells.
Your spell library contained the following spells:

 Spells                   Type           Power      Damage    Failure   Level
 Sting                    Tmut/Pois      0%         1d3       36%         1


Dungeon Overview and Level Annotations

Branches:
Dungeon (1/15)

Altars:


Innate Abilities, Weirdness & Mutations

You are very small and have problems with some larger weapons.
You are too small for most types of armour.
You have supernaturally acute eyesight. (SInv)
You cover ground extremely quickly. (Speed+++)


Message History

You shoot an arrow. The arrow hits the jackal.
The jackal is moderately wounded.
The jackal completely misses you.
You shoot an arrow. The arrow hits the jackal.
The jackal is almost dead.
The jackal misses you. x2
You shoot an arrow. The arrow closely misses the jackal.
The jackal closely misses you.
The jackal bites you but does no damage.
You shoot an arrow. The arrow hits the jackal.
You kill the jackal!
No target in view!
l - a silvery potion A goblin comes into view.
It is wielding a +0 dagger.
A goblin is nearby!
You shoot an arrow. The arrow hits the goblin!
You kill the goblin!
No target in view!
m - 3 scrolls labelled SEMNARR YZOISM
d - 2 scrolls labelled TEMPAR ULUY (gained 1)
Found a stone staircase leading down.
You now have 67 gold pieces (gained 4).
You now have 80 gold pieces (gained 13).
Key pressed, stopping explore.
No target in view!
No target in view!
There is a stone staircase leading down here.
A bat comes into view.
A bat is nearby!
A bat is nearby!
You shoot an arrow. The arrow hits the bat!
You kill the bat!
No target in view!
Done exploring.
Done exploring.
Done exploring.
No target in view!
Done exploring.
There is a stone staircase leading down here.
Are you sure you want to abandon this character and quit the game? (Confirm with "yes".)

#.##..........#..#
#.##..........#.#.
#.###.#...#§#.#.##
#.# #.#...§§....#.
#.# #.#...≈...#...
#.# #.##....#...#.
#.# #....#....§...
#.# ###...§§#...#.
#@# ##.≈.≈.......
##.# #.......≈.≈..
#..# #.#.§.#.....#
#.## #...≈....#...
#.# #.#.§§#§....#
#.# #.†.§...≈.≈..
#.# #..§.≈.......
#.# #...§..#...#.
#.# ##..#....≈...


There were no monsters in sight!

Vanquished Creatures
  3 bats (D:1)
  An endoplasm (D:1)
  3 goblins (D:1)
  A hobgoblin (D:1)
  2 jackals (D:1)
  A frilled lizard (D:1)
  3 rats (D:1)
14 creatures vanquished.

Notes
Turn   | Place    | Note
-------+----------+-------------------------------------------
     0 | D:1      | valliere the Spriggan Hunter began the quest for the Orb.
     0 | D:1      | Reached XP level 1. HP: 10/10 MP: 2/2
   157 | D:1      | Found a faded altar of an unknown god.
   164 | D:1      | Got Plato's Secrets of Vitiation
   227 | D:1      | Identified 3 scrolls of acquirement
   227 | D:1      | Acquired the amulet "Wiat" {Regen+ Slay+2}
   229 | D:1      | Acquired the ring of Namp {rC+ Dex+2}
   250 | D:1      | Reached XP level 2. HP: 15/15 MP: 3/3
   551 | D:1      | Quit the game

Illustrated notes

Levels and vault maps discovered:
D:1:      minmay_arrival_glassed_features, layout_loops_ring,
          shapermc_ecumenical_altar_rom_forum, nicolae_kite_square_tiling_tiny

Skill      XL: |  1 |
---------------+----+-----
Stealth        | 2 |  2.3
Dodging        | 3 |  3.1
Fighting       | |  1.8
Ranged Weapons | |  4.1

Action                   || total
-------------------------++-------
 Fire: Shortbow          ||    27
  Use: Scroll            ||     2
Armor: Robe              ||     1
Dodge: Dodged            ||    10

Table legend: (Time is in decaauts)
 A = Elapsed time spent in this place.
 B = Non-inter-level travel time spent in this place.
 C = Inter-level travel time spent in this place.
 D = Time resting spent in this place.
 E = Time spent auto-exploring this place.
 F = Levels seen in this place.
 G = Mean time per level.
                   A        B        C        D        E       F      G
               +--------+--------+--------+--------+--------+-----+--------+
         Total |    359 |    358 |      1 |      0 |    293 |   1 |  359.0 |
       Dungeon |    359 |    358 |      1 |      0 |    293 |   1 |  359.0 |
               +--------+--------+--------+--------+--------+-----+--------+

Top non-repeatable levels by time:
     D:1: 359 daAuts
